EVO
UNIVERSITY OF ARIZONA WILDCATS @ UNIVERSITY OF SOUTH CAROLINA GAMECOCKS
07/31/2049
 
TOP OF THE 1ST
University of Arizona Wildcats batting - Pitching for University of South Carolina Gamecocks : RHP Andy Ferreira
Pitching: RHP Andy Ferreira
Batting: RHB Eddy Amaya 0-0: Swinging Strike
0-1: Foul Ball, location: 2F
0-2: Ball
1-2: Ball
2-2: Foul Ball, location: 2F
2-2: Foul Ball, location: 2F
2-2: Ball
3-2: Base on Balls
Batting: LHB Jere Paatelainen 0-0: Fly out, F3 (Popup, 4S, EV 80.6 MPH)
Batting: RHB Ricardo Fernandez 0-0: Called Strike
0-1: Foul Ball, location: 2F
0-2: Ball
1-2: Strikes out swinging
Batting: RHB Ron Dondale 0-0: Ball
1-0: Ball
2-0: Ball
3-0: Called Strike
3-1: Fielders Choice at 2nd, 6-4 (Groundball, 6, EV 105.0 MPH)
Top of the 1st over - 0 runs, 0 hits, 0 errors, 1 left on base; University of Arizona 0 - University of South Carolina 0
BOTTOM OF THE 1ST
University of South Carolina Gamecocks batting - Pitching for University of Arizona Wildcats : RHP Brad Brooks
Pitching: RHP Brad Brooks
Batting: RHB Justin Kurutz 0-0: Called Strike
0-1: Ball
1-1: Called Strike
1-2: Foul Ball, location: 2F
1-2: Strikes out swinging
Batting: RHB Brian Passalacqua 0-0: Swinging Strike
0-1: Ball
1-1: Called Strike
1-2: Fly out, F9 (Flyball, 9D, EV 102.5 MPH)
Batting: SHB Keith Mihas 0-0: Swinging Strike
0-1: Ball
1-1: Called Strike
1-2: Strikes out swinging
Bottom of the 1st over - 0 runs, 0 hits, 0 errors, 0 left on base; University of Arizona 0 - University of South Carolina 0
TOP OF THE 2ND
University of Arizona Wildcats batting - Pitching for University of South Carolina Gamecocks : RHP Andy Ferreira
Batting: RHB Larry Harlow 0-0: Ground out 4-3 (Groundball, 4, EV 82.5 MPH)
Batting: SHB Pat Kidd 0-0: Ball
1-0: Swinging Strike
1-1: DOUBLE (Flyball, 8RD, EV 103.1 MPH)
Batting: SHB George Grace 0-0: Ball
1-0: Ball
2-0: Ball
3-0: Base on Balls
Batting: RHB Mark Walters 0-0: Called Strike
0-1: Ball
1-1: Grounds into double play, 3-6-1 (Groundball, 34S, EV 86.9 MPH)
Top of the 2nd over - 0 runs, 1 hit, 0 errors, 1 left on base; University of Arizona 0 - University of South Carolina 0
BOTTOM OF THE 2ND
University of South Carolina Gamecocks batting - Pitching for University of Arizona Wildcats : RHP Brad Brooks
Batting: LHB Chris McNay 0-0: Called Strike
0-1: Reached on error, E6 (Groundball, 6S, EV 81.9 MPH)
Batting: RHB Josh Shirkey 0-0: SINGLE (Line Drive, 4D, EV 99.4 MPH)
Chris McNay to second
Batting: LHB Bert Webster 0-0: Called Strike
0-1: Ball
1-1: Ball
2-1: SINGLE (Line Drive, 9S, EV 106.2 MPH)
Chris McNay to third
Josh Shirkey to second
Batting: RHB Phil Hanley 0-0: Ball
1-0: Swinging Strike
1-1: Foul Ball, location: 2F
1-2: Strikes out swinging
Batting: RHB Ben Turner 0-0: SINGLE (Groundball, 34D, EV 103.1 MPH)
Chris McNay scores
Josh Shirkey to third
Bert Webster to second
Batting: RHB Jeff Swanson 0-0: Fielders Choice at 2nd, 5-4 (Groundball, 56, EV 80.0 MPH)
Josh Shirkey scores
Bert Webster to third
Batting: RHB Justin Kurutz 0-0: Ball
1-0: SINGLE (Flyball, 4MD, EV 90.0 MPH)
Bert Webster scores
Jeff Swanson to second
Batting: RHB Brian Passalacqua 0-0: Ground out 4-3 (Groundball, 4, EV 80.6 MPH)
Bottom of the 2nd over - 3 runs, 4 hits, 1 error, 2 left on base; University of Arizona 0 - University of South Carolina 3
TOP OF THE 3RD
University of Arizona Wildcats batting - Pitching for University of South Carolina Gamecocks : RHP Andy Ferreira
Batting: LHB Kevin Verret 0-0: Ball
1-0: Ground out 3-1 (Groundball, 34, EV 91.9 MPH)
Batting: RHB Eddy Amaya 0-0: Ball
1-0: Called Strike
1-1: SINGLE (Line Drive, 9LM, EV 103.8 MPH)
Batting: LHB Jere Paatelainen 0-0: Ball
Eddy Amaya steals 2nd base
1-0: Ball
2-0: Ground out 4-3 (Groundball, 4M, EV 92.5 MPH)
Eddy Amaya to third
Batting: RHB Ricardo Fernandez 0-0: Ball
1-0: Ball
2-0: Ball
3-0: Foul Ball, location: 2F
3-1: Base on Balls
Batting: RHB Ron Dondale 0-0: Fly out, F7 (Flyball, 7D, EV 94.4 MPH)
Top of the 3rd over - 0 runs, 1 hit, 0 errors, 2 left on base; University of Arizona 0 - University of South Carolina 3
BOTTOM OF THE 3RD
University of South Carolina Gamecocks batting - Pitching for University of Arizona Wildcats : RHP Brad Brooks
Batting: SHB Keith Mihas 0-0: Ball
1-0: Foul Ball, location: 2F
1-1: Foul Ball, location: 2F
1-2: Strikes out looking
Batting: LHB Chris McNay 0-0: Ball
1-0: Ball
2-0: Ball
3-0: Base on Balls
Batting: RHB Josh Shirkey 0-0: Ball
1-0: SINGLE (Groundball, 6S, EV 66.2 MPH) (infield hit)
Chris McNay to second
Batting: LHB Bert Webster 0-0: Called Strike
0-1: Foul Ball, location: 2F
0-2: Foul Ball, location: 2F
0-2: Strikes out swinging
Batting: RHB Phil Hanley 0-0: 3-RUN HOME RUN (Flyball, 89XD, EV 104.4 MPH), Distance : 424 ft
Batting: RHB Ben Turner 0-0: Ball
1-0: Ball
2-0: Ball
3-0: Called Strike
3-1: Base on Balls
Pitching: LHP Matt Waterbury
Batting: RHB Jeff Swanson 0-0: Ball
1-0: Called Strike
1-1: Ground out 4-3 (Groundball, 4, EV 95.0 MPH)
Bottom of the 3rd over - 3 runs, 2 hits, 0 errors, 1 left on base; University of Arizona 0 - University of South Carolina 6
TOP OF THE 4TH
University of Arizona Wildcats batting - Pitching for University of South Carolina Gamecocks : RHP Andy Ferreira
Batting: RHB Larry Harlow 0-0: Ball
1-0: Ball
2-0: Swinging Strike
2-1: Swinging Strike
2-2: Foul Ball, location: 2F
2-2: Ground out 5-3 (Groundball, 56S, EV 87.5 MPH)
Batting: SHB Pat Kidd 0-0: Called Strike
0-1: Ball
1-1: Ball
2-1: Ball
3-1: Called Strike
3-2: Ground out 2-3 (Groundball, 13S, EV 66.2 MPH)
Batting: SHB George Grace 0-0: Foul Ball, location: 2F
0-1: Ground out 6-3 (Groundball, 6, EV 103.1 MPH)
Top of the 4th over - 0 runs, 0 hits, 0 errors, 0 left on base; University of Arizona 0 - University of South Carolina 6
BOTTOM OF THE 4TH
University of South Carolina Gamecocks batting - Pitching for University of Arizona Wildcats : LHP Matt Waterbury
Pinch Hitting: LHB Jörg Young 0-0: Foul Ball, location: 2F
0-1: Swinging Strike
0-2: Strikes out looking
Batting: RHB Brian Passalacqua 0-0: Ball
1-0: Fly out, F4 (Popup, 4M, EV 65.6 MPH)
Batting: SHB Keith Mihas 0-0: Ball
1-0: Ball
2-0: DOUBLE (Line Drive, 7LD, EV 103.1 MPH)
Pinch Hitting: RHB Abel Wensink 0-0: Ground out U3 (Groundball, 34S, EV 83.8 MPH)
Bottom of the 4th over - 0 runs, 1 hit, 0 errors, 1 left on base; University of Arizona 0 - University of South Carolina 6
TOP OF THE 5TH
University of Arizona Wildcats batting - Pitching for University of South Carolina Gamecocks : RHP Andy Ferreira
Now at 2B: Danny Narvaez
Now in LF: Jörg Young
Now in RF: Abel Wensink
Batting: RHB Mark Walters 0-0: Called Strike
0-1: Ball
1-1: Ball
2-1: Foul Ball, location: 2F
2-2: Fly out, F8 (Flyball, 89M, EV 76.2 MPH)
Batting: LHB Kevin Verret 0-0: Foul Ball, location: 2F
0-1: Swinging Strike
0-2: Ball
1-2: Strikes out swinging
Batting: RHB Eddy Amaya 0-0: Ball
1-0: Ball
2-0: Called Strike
2-1: Called Strike
2-2: Ball
3-2: Base on Balls
Pinch Hitting: LHB Gerald Thornton 0-0: Foul Ball, location: 2F
0-1: Ball
1-1: Ball
2-1: Swinging Strike
2-2: Ball
3-2: Strikes out swinging
Top of the 5th over - 0 runs, 0 hits, 0 errors, 1 left on base; University of Arizona 0 - University of South Carolina 6
BOTTOM OF THE 5TH
University of South Carolina Gamecocks batting - Pitching for University of Arizona Wildcats : LHP Matt Waterbury
Now in CF: Gerald Thornton
Batting: RHB Josh Shirkey 0-0: Called Strike
0-1: Ball
1-1: Foul Ball, location: 2F
1-2: Ball
2-2: Ball
3-2: DOUBLE (Flyball, 89XD, EV 98.8 MPH)
Batting: RHB Danny Narvaez 0-0: Ball
1-0: Foul Ball, location: 2F
1-1: Ball
2-1: Foul Ball, location: 2F
2-2: Strikes out swinging
Batting: RHB Phil Hanley 0-0: Ball
1-0: Foul Ball, location: 2F
1-1: Ball
2-1: Fly out, F8 (Flyball, 8LD, EV 94.4 MPH)
Batting: RHB Ben Turner 0-0: Ball
1-0: Ball
2-0: Ball
3-0: Called Strike
3-1: Foul Ball, location: 2F
3-2: Strikes out looking
Bottom of the 5th over - 0 runs, 1 hit, 0 errors, 1 left on base; University of Arizona 0 - University of South Carolina 6
TOP OF THE 6TH
University of Arizona Wildcats batting - Pitching for University of South Carolina Gamecocks : RHP Andy Ferreira
Pitching: RHP Scott Arthur
Now at C: Pete Fitchett
Now at 3B: Steve Gibson
Batting: RHB Ricardo Fernandez 0-0: Foul Ball, location: 2F
0-1: Called Strike
0-2: Ball
1-2: SINGLE (Line Drive, 56D, EV 95.0 MPH)
Batting: RHB Ron Dondale 0-0: Called Strike
0-1: Foul Ball, location: 2F
0-2: Foul Ball, location: 2F
0-2: SINGLE (Line Drive, 56D, EV 110.6 MPH)
Ricardo Fernandez to second
Batting: RHB Larry Harlow 0-0: Foul Ball, location: 2F
0-1: Foul Ball, location: 2F
0-2: Ball
1-2: Ground out 5-3 (Groundball, 56, EV 103.8 MPH)
Ricardo Fernandez to third
Ron Dondale to second
Batting: SHB Pat Kidd 0-0: Called Strike
0-1: Ball
1-1: Fly out, F8 (Flyball, 8LM, EV 78.1 MPH)
Runner from 3rd tags up, OUT at HOME! 8-2
Top of the 6th over - 0 runs, 2 hits, 0 errors, 1 left on base; University of Arizona 0 - University of South Carolina 6
BOTTOM OF THE 6TH
University of South Carolina Gamecocks batting - Pitching for University of Arizona Wildcats : LHP Matt Waterbury
Pitching: LHP Lance Freake
Batting: RHB Steve Gibson 0-0: Called Strike
0-1: Swinging Strike
0-2: Ball
1-2: Ball
2-2: Foul Ball, location: 2F
2-2: Ball
3-2: Single, Error in OF, E8, batter to second base (Groundball, 6MD, EV 105.6 MPH)
Batting: LHB Jörg Young 0-0: Called Strike
0-1: Called Strike
0-2: Strikes out looking
Pinch Hitting: RHB Joel Bany 0-0: Called Strike
0-1: Foul Ball, location: 2F
0-2: Strikes out swinging
Batting: LHB David Fowler 0-0: Called Strike
0-1: Swinging Strike
0-2: Fly out, F9 (Flyball, 9D, EV 105.6 MPH)
Bottom of the 6th over - 0 runs, 1 hit, 1 error, 1 left on base; University of Arizona 0 - University of South Carolina 6
TOP OF THE 7TH
University of Arizona Wildcats batting - Pitching for University of South Carolina Gamecocks : RHP Scott Arthur
Pitching: RHP Danny Ramos
Now at 1B: Joel Bany
Batting: SHB George Grace 0-0: Foul Ball, location: 2F
0-1: Ball
1-1: Ball
2-1: Foul Ball, location: 2F
2-2: Fly out, F5 (Line Drive, 56, EV 66.9 MPH)
Batting: RHB Carlos Maravilla 0-0: DOUBLE (Groundball, 3L, EV 94.4 MPH)
Batting: LHB Kevin Verret 0-0: Foul Ball, location: 2F
0-1: Foul Ball, location: 2F
0-2: Ball
1-2: Fly out, F8 (Flyball, 8RM, EV 88.8 MPH)
Batting: RHB Eddy Amaya 0-0: Ball
1-0: SINGLE (Line Drive, 3D, EV 99.4 MPH)
Carlos Maravilla to third
Runner from 3rd tries for Home, SAFE, throw by RF to home
Batting: LHB Gerald Thornton 0-0: Ball
Eddy Amaya steals 2nd base (no throw)
1-0: Fly out, F8 (Flyball, 8RD, EV 100.0 MPH)
Top of the 7th over - 1 run, 2 hits, 0 errors, 1 left on base; University of Arizona 1 - University of South Carolina 6
BOTTOM OF THE 7TH
University of South Carolina Gamecocks batting - Pitching for University of Arizona Wildcats : LHP Lance Freake
Pitching: RHP Chris Galloway
Batting: RHB Abel Wensink 0-0: Ball
1-0: Ground out 1-3 (Groundball, 34S, EV 72.5 MPH)
Batting: LHB Pete Fitchett 0-0: Foul Ball, location: 2F
0-1: Ball
1-1: Called Strike
1-2: Ball
2-2: Foul Ball, location: 2F
2-2: Fly out, F7 (Flyball, 7LS, EV 86.2 MPH)
Batting: RHB Danny Narvaez 0-0: Foul Ball, location: 2F
0-1: Foul Ball, location: 2F
0-2: Ground out 6-3 (Groundball, 6, EV 85.0 MPH)
Bottom of the 7th over - 0 runs, 0 hits, 0 errors, 0 left on base; University of Arizona 1 - University of South Carolina 6
TOP OF THE 8TH
University of Arizona Wildcats batting - Pitching for University of South Carolina Gamecocks : RHP Danny Ramos
Batting: RHB Ricardo Fernandez 0-0: Ball
1-0: Called Strike
1-1: Ball
2-1: Ball
3-1: Fly out, F7 (Flyball, 7LS, EV 90.0 MPH)
Batting: RHB Ron Dondale 0-0: Ball
1-0: Foul Ball, location: 2F
1-1: Swinging Strike
1-2: Ball
2-2: Fly out, F7 (Flyball, 7LSF, EV 82.5 MPH)
Batting: RHB Larry Harlow 0-0: Ball
1-0: Ground out 4-3 (Groundball, 4, EV 81.9 MPH)
Top of the 8th over - 0 runs, 0 hits, 0 errors, 0 left on base; University of Arizona 1 - University of South Carolina 6
BOTTOM OF THE 8TH
University of South Carolina Gamecocks batting - Pitching for University of Arizona Wildcats : RHP Chris Galloway
Pitching: RHP Rogelio Chavez
Batting: RHB Phil Hanley 0-0: Ball
1-0: Foul Ball, location: 2F
1-1: Swinging Strike
1-2: SOLO HOME RUN (Flyball, 7LD, EV 100.0 MPH), Distance : 380 ft
Batting: RHB Ben Turner 0-0: Ball
1-0: Ball
2-0: Foul Ball, location: 2F
2-1: Ground out 4-3 (Groundball, 4, EV 93.1 MPH)
Batting: RHB Steve Gibson 0-0: Ball
1-0: Fly out, F8 (Flyball, 78M, EV 86.2 MPH)
Pinch Hitting: LHB Gregg Burchett 0-0: Called Strike
0-1: Ball
1-1: Ball
2-1: Ball
3-1: Swinging Strike
3-2: Base on Balls
Batting: RHB Joel Bany 0-0: SINGLE (Line Drive, 6MD, EV 96.9 MPH)
Gregg Burchett to second
Runner from 2nd tries for 3rd, SAFE, throw by CF made to third
Batting: LHB David Fowler 0-0: Called Strike
0-1: Ball
1-1: Swinging Strike
1-2: Strikes out looking
Bottom of the 8th over - 1 run, 2 hits, 0 errors, 2 left on base; University of Arizona 1 - University of South Carolina 7
TOP OF THE 9TH
University of Arizona Wildcats batting - Pitching for University of South Carolina Gamecocks : RHP Danny Ramos
Pitching: RHP Juan Lazo
Now in LF: Gregg Burchett
Batting: SHB Pat Kidd 0-0: Ground out U3 (Groundball, 34S, EV 86.2 MPH)
Batting: SHB George Grace 0-0: Called Strike
0-1: Called Strike
0-2: Ball
1-2: Foul Ball, location: 2F
1-2: Ball
2-2: Ground out U3 (Groundball, 3, EV 88.1 MPH)
Batting: RHB Carlos Maravilla 0-0: Ball
1-0: Ball
2-0: Called Strike
2-1: Swinging Strike
2-2: Foul Ball, location: 2F
2-2: Ground out 3-1 (Groundball, 13, EV 92.5 MPH)
Top of the 9th over - 0 runs, 0 hits, 0 errors, 0 left on base; University of Arizona 1 - University of South Carolina 7
Sunday, July 16th , 2023 - OOTP Baseball 24.6 Build 69